 Dungeon Crawl Stone Soup version 0.30-a0-341-g682706514a (webtiles) character file.

Game seed: 16653443113989129962

719 Asagix the Covered (level 8, -4/61 HPs)
             Began as a Human Berserker on Nov 5, 2022.
             Was a Believer of Trog.
             Killed by divine providence
             ... invoked by an orc priest
              (11 damage)
             ... on level 6 of the Dungeon.
             The game lasted 00:13:14 (5081 turns).

Asagix the Covered (Human Berserker)                Turns: 5081, Time: 00:13:14

Health: -4/61      AC: 12    Str: 20    XL:     8   Next: 1%
Magic:  8/8        EV:  7    Int:  7    God:    Trog [**....]
Gold:   33         SH:  0    Dex: 13    Spells: 7/7 levels left

rFire   . . .      SeeInvis .    B - +2 morningstar (holy)
rCold   . . .      Faith    +    (no shield)
rNeg    . . .      Spirit   .    u - +0 plate armour
rPois   .          Reflect  .    (no helmet)
rElec   .          Harm     .    (no cloak)
rCorr   .          Rampage  .    (no gloves)
Will    .....                    (no boots)
Stlth   ..........               x - amulet of faith
HPRegen 0.30/turn                (no ring)
MPRegen 0.11/turn                (no ring)

@: no status effects
A: no striking features
a: Renounce Religion, Berserk, Trog's Hand


You were on level 6 of the Dungeon.
You worshipped Trog.
Trog was pleased with you.
You visited 2 branches of the dungeon, and saw 7 of its levels.

You collected 166 gold pieces.
You spent 133 gold pieces at shops.

Inventory:

Hand Weapons
 a - a +0 hand axe
 c - a +0 spear of protection
 w - a +2 whip of flaming
 y - a +2 dagger of freezing
 z - a +2 whip of electrocution
 B - a +2 morningstar of holy wrath (weapon)
Missiles
 l - a throwing net (quivered)
Armour
 b - a +0 animal skin
 k - a +0 ring mail
 p - a +0 scale mail
 u - a +0 plate armour (worn)
 A - a +0 hat
Jewellery
 i - a ring of willpower
 x - an amulet of faith (around neck)
Wands
 n - a wand of paralysis (10)
 s - a wand of digging (9)
Scrolls
 h - a scroll of poison
 o - a scroll of silence
 q - a scroll of identify
 C - a scroll of fog
Potions
 d - 2 potions of lignification {unknown}
 e - 2 potions of magic {unknown}
 f - 2 potions of degeneration {unknown}
 g - 5 potions of curing {unknown}
 j - a potion of mutation {unknown}
 m - 3 potions of might {unknown}
 r - a potion of attraction {unknown}
 t - a potion of cancellation {unknown}
 v - a potion of flight {unknown}
 D - a potion of heal wounds {unknown}
 E - a potion of invisibility {unknown}


   Skills:
 + Level 4.5 Fighting
 + Level 3.8(4.7) Axes
 + Level 2.4(3.5) Maces & Flails
 + Level 3.2(4.1) Polearms
 + Level 5.0 Armour
 + Level 3.2 Dodging
 + Level 0.4 Stealth


You had 7 spell levels left.
You didn't know any spells.
Your spell library was empty.

Dungeon Overview and Level Annotations

Branches:
Dungeon (6/15)             Temple (1/1) D:4

Altars:
Dithmenos
Fedhas
Kikubaaqudgha
Makhleb
Nemelex Xobeh
Ru
Trog
Xom

Shops:
D:5 (


Message History

a +0 hand axe; a +0 ring mail You sock the lemure!
The lemure convulses!!
You kill the lemure!
That felt strangely unrewarding.
Things that are here:
a +0 hand axe; a +0 ring mail
There is a stone staircase leading down here.
You climb downwards.
You hear the sound of rushing water.
There is an entrance to a sewer on this level.
Hurry and find it before the portal rusts away!
The lemure hits you.
The orc priest hits you but does no damage.
The lemure barely misses you.
There is a stone staircase leading up here.
You closely miss the orc priest. The orc priest barely misses you.
The lemure hits you but does no damage.
You barely miss the orc priest.
The orc priest hits you with a +0 hand axe.
The orc warrior barely misses you. The lemure hits you but does no damage.
You barely miss the orc priest. The lemure closely misses you.
The orc priest calls down the wrath of Beogh upon you.
Beogh smites you!
The orc warrior hits you but does no damage.
The orc priest hits you but does no damage.
The orc warrior hits you with a +0 mace.
The lemure hits you but does no damage.
You barely miss the orc priest. The orc priest barely misses you.
The orc warrior hits you with a +0 mace!
The lemure hits you.
You hit the orc priest.
The orc priest is moderately wounded.
The orc priest calls down the wrath of Beogh upon you.
Beogh smites you!
* * * LOW HITPOINT WARNING * * *
The orc warrior hits you with a +0 mace.
* * * LOW HITPOINT WARNING * * *
The lemure hits you but does no damage.
The orc priest mumbles some strange prayers to Beogh against you.
Beogh smites you!
You die...

## # ..#
#. ###..#
#.##.5#
#..@.#
+...[oo..#
##.(...#.#
#.###.# #
#. .. #.
.## # .#
##


You could see an orc warrior, a lemure and an orc priest.

Vanquished Creatures
  2 black bears
  A lemure (D:5)
  A necrophage (D:5)
  2 scorpions (D:5)
  A howler monkey (D:4)
  2 hounds (D:5)
  An orc priest (D:4)
  An iguana (D:4)
  An orc wizard (D:4)
  7 gnolls
  5 adders
  An ufetubus (D:5)
  A dart slug (D:1)
  7 orcs
  10 ball pythons
  5 endoplasms
  2 giant cockroaches
  6 goblins
  A hobgoblin (D:1)
  3 jackals (D:1)
  3 kobolds
  2 quokkas
  3 bats (D:2)
  2 frilled lizards (D:2)
  A rat (D:1)
71 creatures vanquished.

Notes
Turn   | Place    | Note
-------+----------+-------------------------------------------
     0 | D:1      | Asagix the Human Berserker began the quest for the Orb.
     0 | D:1      | Reached XP level 1. HP: 18/18 MP: 1/1
   376 | D:1      | Reached XP level 2. HP: 23/24 MP: 2/2
  1186 | D:2      | Reached XP level 3. HP: 28/29 MP: 3/3
  2261 | D:3      | Reached XP level 4. HP: 14/35 MP: 4/4
  2615 | D:3      | Reached ** piety under Trog
  2685 | D:3      | Found a faded altar of an unknown god.
  2888 | D:3      | Reached XP level 5. HP: 41/41 MP: 5/5
  3093 | D:4      | Noticed a black bear
  3100 | D:4      | Killed a black bear
  3101 | D:4      | Reached skill level 1 in Polearms
  3101 | D:4      | Reached skill level 3 in Armour
  3101 | D:4      | Reached XP level 6. HP: 33/48 MP: 6/6
  3352 | D:4      | Found a staircase to the Ecumenical Temple.
  3358 | Temple   | Entered the Ecumenical Temple
  3485 | D:4      | Reached skill level 1 in Maces & Flails
  3983 | D:5      | Entered Level 5 of the Dungeon
  4074 | D:5      | Reached skill level 4 in Armour
  4074 | D:5      | Reached XP level 7. HP: 53/54 MP: 7/7
  4222 | D:5      | Found Fomu's Antique Weapon Boutique.
  4362 | D:5      | Bought a glowing morningstar for 133 gold pieces
  4619 | D:5      | Reached skill level 5 in Armour
  4619 | D:5      | Reached XP level 8. HP: 51/61 MP: 8/8
  4989 | D:5      | Found a shimmering altar of Xom.
  5081 | D:6      | Killed from afar by an orc priest

Illustrated notes

Levels and vault maps discovered:
D:1:      lordsloth_arrival_two_stooges, layout_basic, st_stairs_6
D:2:      layout_loops_corners, minmay_misc_feat_roman
D:3:      layout_basic, hellmonk_ecumenical_altar_leap_of_faith
D:4:      nicolae_cairo_tiling_very_big, layout_rooms,
          minmay_temple_entry_glassed_door, minmay_close_crescents
D:5:      layout_basic, tgw_xom, serial_shops, shop
D:6:      layout_loops_corners, general_overflow_altar, gup_sewer_entry_bowl,
          uniq_grinder, uniq_crazy_yiuf_cottage, uniq_pikel
Temple:   nicolae_temple_bog_church

Skill      XL: |  1  2  3  4  5  6  7 |
---------------+----------------------+-----
Polearms       | 1 2 3 |  3.2
Armour         | 3 4 5 |  5.0
Dodging        | 3 |  3.2
Maces & Flails | 1 2 |  2.4
Fighting       | 4 |  4.5
Axes           | |  3.8
Stealth        | |  0.4

Action                   |  1- 3 |  4- 6 |  7- 9 || total
-------------------------+-------+-------+-------++-------
Melee: Hand axe          |    44 |       |       ||    44
       Spear             |    57 |    54 |    59 ||   170
       Punch             |     1 |     3 |     2 ||     6
       Whip              |       |    58 |       ||    58
       Morningstar       |       |       |    51 ||    51
Invok: Berserk           |     2 |     1 |     1 ||     4
       Trog's Hand       |       |       |     1 ||     1
  Use: Scroll            |     4 |     1 |     1 ||     6
Armor: Ring mail         |    39 |       |       ||    39
       Animal skin       |     1 |       |       ||     1
       Scale mail        |    11 |       |       ||    11
       Plate armour      |       |    77 |   111 ||   188
Dodge: Dodged            |    89 |    33 |    63 ||   185

Table legend: (Time is in decaauts)
 A = Elapsed time spent in this place.
 B = Non-inter-level travel time spent in this place.
 C = Inter-level travel time spent in this place.
 D = Time resting spent in this place.
 E = Time spent auto-exploring this place.
 F = Levels seen in this place.
 G = Mean time per level.
                   A        B        C        D        E       F      G
               +--------+--------+--------+--------+--------+-----+--------+
         Total |   5133 |   5088 |     45 |    765 |   3034 |   7 |  733.3 |
       Dungeon |   5107 |   5062 |     45 |    765 |   3030 |   6 |  851.2 |
        Temple |     25 |     25 |      0 |      0 |      4 |   1 |   25.0 |
               +--------+--------+--------+--------+--------+-----+--------+

Top non-repeatable levels by time:
     D:3: 1131 daAuts
     D:5: 1116 daAuts
     D:2: 999 daAuts
     D:1: 984 daAuts
     D:4: 861 daAuts
  Temple: 25 daAuts
     D:6: 14 daAuts
